 Dungeon Crawl Stone Soup version 0.23-a0-577-g2b1de94 (webtiles) character file.

12446 MalarOregon the Spear-Bearer (level 11, -9/89 HPs)
             Began as a Merfolk Abyssal Knight on Dec 14, 2018.
             Was a High Priest of Lugonu.
             Mangled by a six-headed hydra (10 damage)
             ... on level 8 of the Dungeon.
             The game lasted 00:32:26 (16554 turns).

MalarOregon the Spear-Bearer (MfAK)                Turns: 16554, Time: 00:32:27

Health: -9/89      AC: 10    Str: 14    XL:     11   Next: 93%
Magic:  16/16      EV: 19    Int: 14    God:    Lugonu [*****.]
Gold:   1047       SH:  0    Dex: 13    Spells: 10/10 levels left

rFire    + . .     SeeInvis .   s - +2 trident (pierce)
rCold    . . .     Gourm    .   (no shield)
rNeg     . . .     Faith    .   L - +2 leather armour {rF+}
rPois    .         Spirit   .   k - +1 helmet
rElec    .         Reflect  .   p - +0 cloak
rCorr    .         Harm     .   A - +0 pair of gloves
MR       ++...                  (no boots)
Stlth    +.........             (no amulet)
HPRegen  0.24/turn              l - ring of protection from magic
MPRegen  0.15/turn              G - ring of protection from magic

@: no status effects
A: change form in water, swift swim, stealthy swim
a: Depart the Abyss, Bend Space, Banish, Corrupt, Enter the Abyss, Renounce
Religion


You were on level 8 of the Dungeon.
You worshipped Lugonu.
Lugonu was extremely pleased with you.
You were not hungry.

You visited 3 branches of the dungeon, and saw 14 of its levels.
You visited the Abyss 1 time.
You also visited: Bailey.

You collected 1047 gold pieces.

Inventory:

Hand Weapons
 s - a +2 trident of piercing (weapon)
   (You took it off an orc on level 2 of the Dungeon)
 H - the +9 fustibalus "Mufusiff" {flame, *Contam rPois rC+++ Dex+3, unknown}
   (You found it on level 11 of the Dungeon)

   It causes projectiles fired from it to burn those they strike, causing extra
   injury to most foes and up to half again as much damage against particularly
   susceptible opponents.
   It affects your dexterity (+3).
   It renders you almost immune to cold.
   It protects you from poison.
   It causes magical contamination when unequipped.
Missiles
 v - 3 throwing nets (quivered) {!f}
Armour
 h - a +3 leather armour
   (You found it on level 2 of the Dungeon)
 k - a +1 helmet (worn)
   (You took it off Robin on level 2 of the Dungeon)
 p - a +0 cloak (worn)
   (You found it on level 3 of the Dungeon)
 w - a +0 shield
   (You found it on level 5 of the Dungeon)
 A - a +0 pair of gloves (worn)
   (You found it on level 2 of the Dungeon)
 L - a +2 leather armour of fire resistance (worn)
   (You took it off an orc on level 9 of the Dungeon)
Jewellery
 l - a ring of protection from magic (left hand)
   (You found it on level 6 of the Dungeon)
 D - a +3 ring of protection
   (You found it on level 10 of the Dungeon)
 G - a ring of protection from magic (right hand)
   (You found it on level 10 of the Dungeon)
 I - an uncursed ring of ice
   (You took it off Fannar on level 11 of the Dungeon)
Wands
 t - a wand of flame (22)
   (You took it off a big kobold on level 8 of the Dungeon)
 u - a wand of paralysis (2)
   (You found it on level 7 of the Dungeon)
 E - a wand of random effects (2)
   (You took it off Maurice on level 8 of the Dungeon)
Scrolls
 c - 4 scrolls of teleportation {@r4}
 f - 5 scrolls of remove curse {@r2}
 g - a scroll of noise {!r}
 m - a scroll of amnesia
 n - 2 scrolls of fear
 q - a scroll of vulnerability {unknown}
 x - 2 scrolls of blinking
 C - 7 scrolls of identify {@r1}
 K - a scroll of fog
Potions
 a - 4 potions of lignification {!q}
 b - 2 potions of mutation {!q}
 d - 2 potions of flight {unknown}
 i - 4 potions of ambrosia
 j - 5 potions of heal wounds {@q2}
 o - 3 potions of curing {@q1}
 r - 4 potions of haste {unknown}
 z - 2 potions of degeneration {unknown}
 B - a potion of might {unknown}
 F - a potion of experience {unknown}
 J - a potion of agility {unknown}
Miscellaneous
 y - a lightning rod (1/4) {!a}
   (You found it in a bailey)
Comestibles
 e - 19 rations {!d}
 M - 4 chunks of flesh


   Skills:
 - Level 9.0 Fighting
 - Level 14.0 Polearms
 - Level 4.0 Armour
 + Level 12.5 Dodging
 - Level 5.0 Invocations
 + Level 7.2 Evocations


You had 10 spell levels left.
You didn't know any spells.
Your spell library was empty.

Dungeon Overview and Level Annotations

Branches:
Dungeon (12/15)            Temple (1/1) D:4            Lair (1/6) D:8
    Orc (0/2) D:9

Altars:
Ashenzari
Cheibriados
Dithmenos
Elyvilon
Fedhas
Gozag
Hepliaklqana
Kikubaaqudgha
Makhleb
Nemelex Xobeh
Okawaru
Qazlal
Ru
Sif Muna
Trog
Uskayaw
Vehumet
Wu Jian
Xom
Yredelemnul
Zin
The Shining One
Beogh

Shops:
D:9 [

Annotations:
D:10 exclusion: obsidian statue


Message History

A bullfrog comes into view.
The bullfrog gives a loud, deep croak!
The bullfrog misses you.
You barely miss the bullfrog. The bullfrog completely misses you.
You barely miss the bullfrog. The bullfrog misses you.
You puncture the bullfrog! You closely miss the bullfrog.
The bullfrog hits you but does no damage.
You puncture the bullfrog!
You kill the bullfrog!
Lugonu accepts your kill.
No target in view!
You butcher the bullfrog corpse.
M - 4 chunks of flesh You see here a bullfrog skeleton. x2
You open the door.
There is an open door here.
Found 12 gold pieces.
A six-headed hydra comes into view.
A six-headed hydra is nearby!
Aim: a six-headed hydra The six-headed hydra flickers and vanishes!
Deactivating autopickup; reactivate with Ctrl-A.
There is a staircase back to the Dungeon here.
Something bites you! x2; Something bites you.
Something bites you! x2
Something barely misses you.
You climb upwards.
Welcome back to the Dungeon!
Reactivating autopickup.
There is a staircase to the Lair here.
Deactivating autopickup; reactivate with Ctrl-A.
You hit something.
Something bites you. x2; Something bites you!
* * * LOW HITPOINT WARNING * * *
Something bites you but does no damage. Something barely misses you.
Something bites you!
* * * LOW HITPOINT WARNING * * *
Something closely misses you.
Something bites you but does no damage. x2
Something barely misses you. Something bites you.
* * * LOW HITPOINT WARNING * * *
Something completely misses you. Something misses you.
Something closely misses you. Something bites you but does no damage.
Something barely misses you. Something bites you but does no damage.
Something closely misses you. Something completely misses you.
Something bites you but does no damage. Something bites you!
* * * LOW HITPOINT WARNING * * *
Something bites you!
* * * LOW HITPOINT WARNING * * *
Something closely misses you. Something bites you!
You die...

.................# ######### #
...............#.# #.......# #
...............#.# #......≈####
...............#.# #.....≈.....
...............#)#####....).≈.≈.≈
.......................(...≈.....
............................≈####
.............................#
...............#@#####.......#
...............#.# #.......#
...............#.# #.......#
...............#.# #>##########
...............#.######### #....
...............#.........####....
...............#.........'..'....
...............##........####....
...............##...........#..##


There were no monsters in sight!

Vanquished Creatures
  Fannar (D:11)
  A centaur warrior (D:10)
  An orc knight (Bailey)
  2 cyclopes
  An ugly thing (D:10)
  Maurice (D:8)
  A spiny frog (Lair:1)
  A komodo dragon (D:12)
  A hippogriff (D:8)
  A wyvern (D:12)
  A shadow (D:11)
  3 hungry ghosts
  A water moccasin (D:7)
  2 sky beasts
  2 ice beasts
  A phantom (D:10)
  2 black bears
  A necrophage (D:6)
  25 orc warriors
  6 ogres
  3 centaurs
  Blork the orc (D:6)
  3 big kobolds
  4 bullfrogs
  A wyvern zombie (D:6)
  2 wyvern skeletons
  5 scorpions
  8 wights
  8 killer bees
  2 howler monkeys
  2 centaur zombies
  4 crimson imps
  5 hounds
  6 jellies
  10 orc priests
  4 bullfrog skeletons
  8 orc wizards
  4 iguanas
  9 worker ants
  A hound zombie (D:4)
  Robin (D:2)
  7 gnolls
  13 adders
  4 shadow imps
  An ooze (D:3)
  An adder skeleton (D:6)
  2 worms (D:3)
  A dart slug (D:2)
  8 leopard geckos
  80 orcs
  4 ball pythons
  6 giant cockroaches
  12 hobgoblins
  11 jackals
  6 quokkas
  8 bats
  4 frilled lizards
  19 goblins
  2 jackal skeletons (D:4)
  11 kobolds
  A leopard gecko zombie (D:9)
  A quokka skeleton (D:5)
  A quokka zombie (D:6)
  10 rats
359 creatures vanquished.

Vanquished Creatures (others)
  A killer bee (D:11)
  5 toadstools (D:10)
6 creatures vanquished.

Grand Total: 365 creatures vanquished

Notes
Turn   | Place    | Note
-------+----------+-------------------------------------------
     0 | Abyss:1  | MalarOregon the Merfolk Abyssal Knight began the quest for
                  | the Orb.
     0 | Abyss:1  | Reached XP level 1. HP: 18/18 MP: 2/2
    88 | Abyss:1  | Found a corrupted altar of Lugonu.
   108 | D:1      | Escaped the Abyss
   444 | D:1      | Reached XP level 2. HP: 17/24 MP: 3/3
   760 | D:1      | Reached skill level 1 in Armour
   990 | D:2      | Reached XP level 3. HP: 23/29 MP: 4/4
  1067 | D:2      | Reached ** piety under Lugonu
  1067 | D:2      | Reached skill level 4 in Polearms
  1161 | D:2      | Noticed Robin
  1269 | D:2      | Killed Robin
  1269 | D:2      | Reached XP level 4. HP: 18/37 MP: 5/5
  1898 | D:3      | Reached *** piety under Lugonu
  1911 | D:3      | Reached skill level 5 in Polearms
  1911 | D:3      | Reached XP level 5. HP: 39/42 MP: 5/7
  2001 | D:3      | Found an ornate altar of the Wu Jian Council.
  2024 | D:3      | Found an iron altar of Okawaru.
  2075 | D:3      | Found a white marble altar of Elyvilon.
  2136 | D:3      | Reached XP level 6. HP: 9/48 MP: 8/8
  2491 | D:3      | Found a burning altar of Makhleb.
  3020 | D:3      | Reached skill level 6 in Polearms
  3316 | D:2      | Reached **** piety under Lugonu
  3735 | D:4      | Found a hide-covered altar of Uskayaw.
  3735 | D:4      | Found a sparkling altar of Nemelex Xobeh.
  3844 | D:4      | Reached XP level 7. HP: 53/55 MP: 9/9
  3909 | D:4      | Reached skill level 7 in Polearms
  3911 | D:4      | Reached skill level 5 in Dodging
  4303 | D:4      | Found a staircase to the Ecumenical Temple.
  4351 | Temple   | Entered the Ecumenical Temple
  4765 | D:5      | Entered Level 5 of the Dungeon
  4876 | D:5      | Reached skill level 5 in Fighting
  4876 | D:5      | Reached XP level 8. HP: 53/62 MP: 11/11
  4964 | D:5      | Reached skill level 8 in Polearms
  5825 | D:6      | Reached skill level 9 in Polearms
  6078 | D:6      | Reached skill level 5 in Invocations
  6354 | D:6      | Found a bloodstained altar of Trog.
  6354 | D:6      | Found a white marble altar of Elyvilon.
  6355 | D:6      | Found a stormy altar of Qazlal.
  6396 | D:6      | Reached skill level 10 in Polearms
  6442 | D:6      | Reached XP level 9. HP: 51/67 MP: 12/12
  6800 | D:6      | Reached ***** piety under Lugonu
  6800 | D:6      | Reached skill level 11 in Polearms
  6888 | D:6      | Noticed Blork the orc
  6897 | D:6      | Killed Blork the orc
  6917 | D:6      | Found a hide-covered altar of Uskayaw.
  6980 | D:6      | Found a shadowy altar of Dithmenos.
  7191 | D:7      | Reached skill level 12 in Polearms
  7228 | D:7      | Found an opulent altar of Gozag.
  7491 | D:7      | Reached skill level 13 in Polearms
  7880 | D:8      | Reached skill level 14 in Polearms
  7880 | D:8      | Reached XP level 10. HP: 66/73 MP: 13/13
  8239 | D:8      | Reached skill level 1 in Evocations
  8520 | D:8      | Found a snail-covered altar of Cheibriados.
  8639 | D:8      | Found a staircase to the Lair.
  8648 | D:8      | Found a sacrificial altar of Ru.
  9007 | D:9      | Noticed Maurice
  9030 | D:8      | Killed Maurice
  9425 | D:9      | Found a staircase to the Orcish Mines.
  9425 | D:9      | Found Muovuuc's Armour Shoppe.
  9576 | D:9      | Found an ancient bone altar of Kikubaaqudgha.
  9809 | D:9      | Found a radiant altar of Vehumet.
  9899 | D:10     | Entered Level 10 of the Dungeon
  9958 | D:10     | Found a flagged portal.
  9984 | Bailey   | Entered a bailey
 10811 | Bailey   | Noticed an orc knight
 11082 | Bailey   | Killed an orc knight
 11082 | Bailey   | Reached skill level 10 in Dodging
 11082 | Bailey   | Reached XP level 11. HP: 68/86 MP: 14/14
 11404 | D:10     | Noticed an obsidian statue
 11406 | D:10     | Noticed a sixfirhy
 11597 | D:10     | Noticed a cyclops
 11609 | D:10     | Killed a cyclops
 11799 | D:10     | Noticed a centaur warrior
 11810 | D:10     | Killed a centaur warrior
 11967 | D:10     | Noticed a sun demon
 12545 | D:10     | Noticed a sixfirhy
 12586 | D:11     | Reached skill level 5 in Evocations
 12617 | D:10     | Noticed a sun demon
 12641 | D:11     | Got a fine fustibalus
 14089 | D:11     | Found a roughly hewn altar of Beogh.
 14200 | D:11     | Noticed a red ugly thing
 14200 | D:11     | Noticed Fannar
 14252 | D:10     | Killed a red ugly thing
 14633 | D:11     | Killed Fannar
 15009 | D:11     | Noticed a cyclops
 15024 | D:11     | Killed a cyclops
 16245 | Lair:1   | Entered Level 1 of the Lair of Beasts
 16518 | Lair:1   | Noticed a six-headed hydra
 16554 | D:8      | HP: 1/89 [something (14)]
 16554 | D:8      | Mangled by a six-headed hydra

Vault maps used:
D:1:      minmay_arrival_loop
D:2:      uniq_robin
D:3:      okawaru_ov_weapons_minmay, lemuel_crystal_altar,
          nicolae_overflow_crystal_walls, elyvilon_altar_3
D:4:      gammafunk_temple_overflow_wave, minmay_temple_entry_overgrown,
          first_ration, roderic_cross_of_infinity, kennysheep_generic_room_6
D:6:      nicolae_overflow_quartered_altars, basic_altar, uniq_blork_the_orc
D:7:      nicolae_gozag_seed_capital
D:8:      lemuel_crystal_altar, nicolae_ru_path_of_blood, lair_entry_dummy,
          blue_anna_alchemist, hangedman_decor_diamond_cutter,
          minmay_crystal_room, minmay_misc_feat_plants
D:9:      kennysheep_mini_moat, kennysheep_mini, orc_david_3, uniq_maurice
D:10:     minmay_statue_hallways, enter_bailey_4, minmay_gold_behind_fungi,
          grunt_decor_clamped
D:11:     special_room, lemuel_flame_loot_1, uniq_fannar
Temple:   nicolae_temple_figure_zero
Bailey:   bailey_polearm_2, bailey

Skill      XL: |  1  2  3  4  5  6  7  8  9 10 11 |
---------------+----------------------------------+-----
Armour         | 1 2 3 4 |  4.0
Dodging        | 3 4 5 7 10 12 | 12.5
Polearms       | 4 5 6 7 10 14 | 14.0
Fighting       | 4 5 8 9 |  9.0
Invocations    | 3 4 5 |  5.0
Evocations     | 4 7 |  7.2

Action                   |  1- 3 |  4- 6 |  7- 9 | 10-12 || total
-------------------------+-------+-------+-------+-------++-------
Melee: Spear             |   146 |   286 |       |       ||   432
       Tailslap          |       |     2 |       |     6 ||     8
       Trident           |       |    42 |   457 |   853 ||  1352
Invok: Bend Space        |       |     2 |       |       ||     2
Evoke: Wand              |       |       |       |    33 ||    33
       Lightning rod     |       |       |       |     4 ||     4
  Use: Scroll            |     1 |     1 |     5 |    12 ||    19
       Potion            |       |       |       |     4 ||     4
 Stab: Sleeping          |     2 |     3 |     1 |       ||     6
       Distracted        |       |     1 |       |       ||     1
       Paralysed         |       |       |       |    17 ||    17
  Eat: Chunk             |     1 |     9 |    16 |    29 ||    55
Armor: Leather armour    |    31 |    77 |    83 |   116 ||   307
       Skin              |       |       |       |    10 ||    10
Dodge: Dodged            |    65 |   187 |   220 |   428 ||   900

Table legend:
 A = Non-vault XP
 B = Vault XP
 C = Vault XP percentage of total XP
 D = Non-vault monster count
 E = Vault monster count
 F = Vault count percentage of total count
                 A         B        C        D         E       F
            +---------+---------+-------+---------+---------+-------
      Total |   12132 |    5649 |  31.8 |     280 |      79 |  22.0
            +---------+---------+-------+---------+---------+-------
        D:1 |      30 |       0 |   0.0 |      18 |       0 |   0.0
        D:2 |     101 |      37 |  26.8 |      29 |      13 |  31.0
        D:3 |     310 |       0 |   0.0 |      46 |       0 |   0.0
        D:4 |     564 |     115 |  16.9 |      25 |       3 |  10.7
        D:5 |     554 |       0 |   0.0 |      14 |       0 |   0.0
        D:6 |    1573 |      96 |   5.8 |      33 |       1 |   2.9
        D:7 |    1179 |       0 |   0.0 |      25 |       0 |   0.0
        D:8 |    1253 |     821 |  39.6 |      22 |       4 |  15.4
        D:9 |     678 |       6 |   0.9 |      22 |       2 |   8.3
       D:10 |    2685 |     549 |  17.0 |      18 |      10 |  35.7
       D:11 |    1666 |    1738 |  51.1 |      22 |      20 |  47.6
       D:12 |    1069 |       0 |   0.0 |       4 |       0 |   0.0
     Lair:1 |     470 |       0 |   0.0 |       2 |       0 |   0.0
     Bailey |       0 |    2287 | 100.0 |       0 |      26 | 100.0
            +---------+---------+-------+---------+---------+-------
